Construct Section Command Post
Construct Platoon Command Post
Selects Heavy Armor Battlegroup
Selects Engineer Detachments
Construct Field Infirmary
6-pounder Anti-tank Gun Team
6-pounder Anti-tank Gun Team
Selects Crusader AA Medium Tank
6-pounder Anti-tank Gun Team
Selects Light Vehicle Withdraw and Refit
Construct Company Command Post
Selects Churchill Black Prince Heavy Tank
Churchill Black Prince Heavy Tank
6-pounder Anti-tank Gun Team
Light Vehicle Withdraw and Refit
Construct Company Command Post
6-pounder Anti-tank Gun Team
6-pounder Anti-tank Gun Team